 Dungeon Crawl Stone Soup version 0.26.1-11-gd32895ea62 (webtiles) character file.

Game seed: 7000504950931643977

95 danmikkh the Skirmisher (level 4, -9/32 HPs)
             Began as a Demonspawn Monk on May 18, 2021.
             Was a Believer of Hepliaklqana.
             Killed from afar by The Dude the battlemage (16 damage)
             ... with a stone arrow
             ... created by the player character
             ... on level 3 of the Dungeon.
             The game lasted 00:04:08 (1959 turns).

danmikkh the Skirmisher (Demonspawn Monk)           Turns: 1959, Time: 00:04:08

Health: -9/32      AC:  3    Str: 11    XL:     4   Next: 39%
Magic:  4/4        EV: 14    Int: 11    God:    Hepliaklqana [**....]
Gold:   37         SH:  0    Dex: 17    Spells: 3/3 levels left

rFire    . . .     SeeInvis .   a - +1 mace
rCold    . . .     Faith    .   (no shield)
rNeg     . . .     Spirit   .   b - +0 robe
rPois    .         Reflect  .   (no helmet)
rElec    .         Harm     .   i - +0 cloak
rCorr    .         Rampage  .   (no gloves)
Will     .....                  (no boots)
Stlth    ++........             (no amulet)
HPRegen  0.10/turn              (no ring)
MPRegen  0.09/turn              (no ring)

@: lethally poisoned (-9 -> -10)
A: reduced essence, claws 1, talons 1
a: Renounce Religion, Recall Ancestor, Ancestor Identity


You were on level 3 of the Dungeon.
You worshipped Hepliaklqana.
Hepliaklqana was pleased with you.
You visited 1 branch of the dungeon, and saw 3 of its levels.

You collected 37 gold pieces.

Inventory:

Hand Weapons
 a - a +1 mace (weapon)
 h - a +0 club
 k - a +1 short sword of venom
Armour
 b - a +0 robe (worn)
 i - a +0 cloak (worn)
Scrolls
 c - 3 scrolls of teleportation
 g - a scroll of amnesia
 j - a scroll of remove curse
Potions
 d - a potion of flight {unknown}
 e - a potion of curing
 f - a potion of degeneration {unknown}


   Skills:
 + Level 3.6 Fighting
 + Level 3.3 Maces & Flails
 + Level 3.5 Dodging
 + Level 2.3 Stealth


You had 3 spell levels left.
You didn't know any spells.
Your spell library was empty.

Dungeon Overview and Level Annotations

Branches:
Dungeon (3/15)

Altars:
Hepliaklqana


Innate Abilities, Weirdness & Mutations

You have sharp fingernails.
You have sharp toenails.
Your life essence is reduced to manifest your ancestor. (-10% HP)


Message History

* * * LOW HITPOINT WARNING * * *
The frilled lizard misses you.
The frilled lizard bites you but does no damage.
The Dude hits the adder with a +0 quarterstaff!
The adder dies!
The frilled lizard bites The Dude but does no damage.
The Dude gestures at the frilled lizard while chanting.
The stone arrow hits the frilled lizard!
The frilled lizard dies!
The kobold throws a stone.
The stone hits The Dude but does no damage.
The Dude barely misses the frilled lizard.
The kobold throws a stone.
The stone closely misses The Dude.
The stone misses the frilled lizard.
The stone barely misses you.
You feel sick.
The Dude casts a spell at the frilled lizard.
The stone arrow misses the frilled lizard.
The stone arrow hits you!
Ouch! That really hurt!
You die...

.........#
######..## .
########.# .
.........# #.
##.####..#
#.###.####..#
............#
.#.##.###.##..#
......KR..l@(.#
#.#.##†#.##..#
#....)...##..#
....?.#.#.....#
.#.$....#.##..#
......#...# ..#
.##.#.#.#.# ..#
... ..#.. ..#
#. #.#


You could see the friendly The Dude the battlemage, a kobold and a frilled
lizard.

Vanquished Creatures
  Robin (D:2)
  2 leopard geckos
  7 bats
  3 giant cockroaches (D:1)
  12 goblins
  6 hobgoblins
  7 kobolds
  A quokka (D:2)
  2 ball pythons (D:1)
  3 frilled lizards
  5 rats
49 creatures vanquished.

Vanquished Creatures (collateral kills)
  2 adders
  4 bats (D:2)
  3 goblins (D:2)
  A hobgoblin (D:2)
  A frilled lizard (D:3)
11 creatures vanquished.

Vanquished Creatures (others)
  A battlemage (D:2)
1 creature vanquished.

Grand Total: 61 creatures vanquished

Notes
Turn   | Place    | Note
-------+----------+-------------------------------------------
     0 | D:1      | danmikkh the Demonspawn Monk began the quest for the Orb.
     0 | D:1      | Reached XP level 1. HP: 18/18 MP: 1/1
   479 | D:1      | Gained mutation: You have sharp fingernails. [demonic
                  | ancestry]
   479 | D:1      | Reached XP level 2. HP: 24/24 MP: 2/2
  1298 | D:2      | Found a hazy altar of Hepliaklqana.
  1306 | D:2      | Reached XP level 3. HP: 27/29 MP: 3/3
  1314 | D:2      | Became a worshipper of Hepliaklqana the Forgotten
  1314 | D:2      | Reached * piety under Hepliaklqana
  1314 | D:2      | Reached ** piety under Hepliaklqana
  1384 | D:2      | Remembered your ancestor The Dude as a battlemage
  1551 | D:2      | Noticed Robin
  1558 | D:2      | HP: 1/26 [goblin[Robin] (4)]
  1581 | D:2      | Killed Robin
  1588 | D:2      | Gained mutation: You have sharp toenails. [demonic
                  | ancestry]
  1588 | D:2      | Reached XP level 4. HP: 31/31 MP: 4/4
  1959 | D:3      | Killed from afar by The Dude the battlemage

Illustrated notes

Levels and vault maps discovered:
D:1:      minmay_arrival_plants_in_alcoves, layout_basic, lemuel_old_faithful
D:2:      layout_rooms, old_standard_altar, uniq_robin
D:3:      layout_basic, xom_butterflies, nicolae_overflow_crystal_walls,
          chequers_mini_garden, hangedman_decor_push, minivault_19,
          minmay_diced_spiral

Skill      XL: |  1  2 |
---------------+-------+-----
Dodging        | 3 |  3.5
Maces & Flails | 3 |  3.3
Stealth        | 2 |  2.3
Fighting       | |  3.6

Action                   |  1- 3 |  4- 6 || total
-------------------------+-------+-------++-------
Melee: Mace              |   143 |    26 ||   169
       Kick              |       |     5 ||     5
Invok: Ancestor Life: Ba |     1 |       ||     1
       Ancestor Identity |     1 |       ||     1
  Use: Scroll            |     4 |     1 ||     5
       Potion            |     3 |       ||     3
 Stab: Sleeping          |     3 |     2 ||     5
Armor: Robe              |    39 |     6 ||    45
       Skin              |    64 |     7 ||    71
Dodge: Dodged            |   152 |    37 ||   189
